 Dungeon Crawl Stone Soup version 0.29-a0-553-g81b289dbe5 (webtiles) character file.

Game seed: 8368650357140238703

972 DocClef the Covert (level 8, 0/63 (67) HPs)
             Began as a Gnoll Delver on June 6, 2022.
             Was a Follower of Okawaru.
             Slain by a wight
             ... wielding a +5 mace of freezing
              (1 damage)
             ... on level 5 of the Dungeon.
             The game lasted 00:07:02 (6540 turns).

DocClef the Covert (Gnoll Delver)                   Turns: 6540, Time: 00:07:02

HP:   0/63 (67)     AC: 10    Str: 14    XL:     8   Next: 16%
MP:   12/12         EV: 13    Int: 10    God:    Okawaru [*.....]
Gold: 402           SH:  0    Dex: 13    Spells: 13/13 levels left

rFire   . . .      SeeInvis .   u - +8 short sword "Dyicuops" {vamp, rElec Will+}
rCold   . . .      Faith    .   (no shield)
rNeg    . . .      Spirit   .   r - +4 leather armour "Kuxzur" {Rampage rCorr}
rPois   .          Reflect  .   (no helmet)
rElec   +          Harm     .   E - +0 cloak
rCorr   +          Rampage  +   o - +0 pair of gloves
Will    +....                   m - +0 pair of boots
Stlth   ++++......              (no amulet)
HPRegen 0.20/turn               (no ring)
MPRegen 0.13/turn               (no ring)

@: drained
A: fangs 1, strong nose, distributed training
a: Renounce Religion, Heroism


You were on level 5 of the Dungeon.
You worshipped Okawaru.
Okawaru was aware of your devotion.
You visited 2 branches of the dungeon, and saw 7 of its levels.

You collected 402 gold pieces.

Inventory:

Hand Weapons
 a - a +0 short sword
 e - a +1 vorpal falchion
 u - the +8 short sword "Dyicuops" (weapon) {vamp, rElec Will+}
   (You found it on level 2 of the Dungeon)

   It occasionally heals its wielder for a portion of the damage dealt when it
   wounds a living foe.
   rElec:     It insulates you from electricity.
   Will:      It increases your willpower.
Armour
 b - a +0 leather armour
 m - a +0 pair of boots (worn)
 o - a +0 pair of gloves (worn)
 r - the +4 leather armour "Kuxzur" (worn) {Rampage rCorr}
   (You found it on level 2 of the Dungeon)

   rCorr:     It protects you from acid and corrosion.
   Rampage:   It bestows one free step when moving towards enemies.
 E - a +0 cloak (worn)
Wands
 g - a wand of digging (3)
 h - a wand of iceblast (12)
 C - a wand of flame (16)
Scrolls
 c - 3 scrolls of fog
 d - 2 scrolls of magic mapping
 i - a scroll of acquirement {unknown}
 j - 2 scrolls of blinking {unknown}
 l - 2 scrolls of enchant armour {unknown}
 n - 2 scrolls of enchant weapon {unknown}
 t - a scroll of noise {unknown}
 v - a scroll of brand weapon {unknown}
 w - a scroll of torment {unknown}
 x - a scroll of teleportation {unknown}
 y - 2 scrolls of identify {unknown}
 A - 2 scrolls of silence {unknown}
 B - a scroll of immolation {unknown}
Potions
 f - a potion of haste
 k - a potion of might {unknown}
 p - 2 potions of curing {unknown}
 q - 3 potions of lignification {unknown}
 s - a potion of mutation {unknown}
 z - a potion of attraction {unknown}
 D - a potion of degeneration {unknown}


   Skills:
 + Level 7.2 Fighting
 + Level 5.5 Short Blades
 + Level 3.0 Long Blades
 + Level 3.0 Axes
 + Level 3.0 Maces & Flails
 + Level 3.0 Polearms
 + Level 3.0 Staves
 + Level 3.0 Slings
 + Level 3.0 Bows
 + Level 3.0 Crossbows
 + Level 3.0 Throwing
 + Level 3.0 Armour
 + Level 5.5 Dodging
 + Level 10.1 Stealth
 + Level 3.0 Shields
 + Level 3.0 Unarmed Combat
 + Level 3.0 Spellcasting
 + Level 2.4 Conjurations
 + Level 2.4 Hexes
 + Level 2.4 Summonings
 + Level 2.4 Necromancy
 + Level 2.4 Translocations
 + Level 2.4 Transmutations
 + Level 2.4 Fire Magic
 + Level 2.4 Ice Magic
 + Level 2.4 Air Magic
 + Level 2.4 Earth Magic
 + Level 2.4 Poison Magic
 + Level 3.3 Invocations
 + Level 3.0 Evocations


You had 13 spell levels left.
You didn't know any spells.
Your spell library contained the following spells:

 Spells                   Type           Power      Damage    Failure   Level
 Slow                     Hex            24%        N/A       13%         1
 Blink                    Tloc           12%        N/A       19%         2
 Ensorcelled Hibernation  Hex/Ice        12%        N/A       19%         2
 Confusing Touch          Hex            6%         N/A       36%         3
 Lesser Beckoning         Tloc           6%         N/A       36%         3
 Portal Projectile        Hex/Tloc       12%        N/A       36%         3
 Spider Form              Tmut/Pois      6%         N/A       36%         3
 Vampiric Draining        Necr           6%         2d6       36%         3
 Anguish                  Hex/Necr       3%         N/A       77%         4
 Leda's Liquefaction      Hex/Erth       3%         N/A       77%         4
 Manifold Assault         Tloc           6%         N/A       98%         5
 Call Canine Familiar     Summ           Unusable   N/A       N/A         3

Dungeon Overview and Level Annotations

Branches:
Dungeon (6/15)             Temple (1/1) D:4

Altars:
Ashenzari
Cheibriados
Dithmenos
Elyvilon
Fedhas
Gozag
Hepliaklqana
Makhleb
Nemelex Xobeh
Okawaru
Qazlal
Ru
Sif Muna
Trog
Uskayaw
Vehumet
Wu Jian
Xom
Yredelemnul
Zin
The Shining One


Innate Abilities, Weirdness & Mutations

You have very sharp teeth.
Your uncanny sense of smell can sniff out nearby items.
Your experience applies equally to all skills.


Message History

You bump into the rock wall.
The wight zaps a wand.
Your will is overpowered!
You are more confused.
Unknown command.
The wight hits you with a +5 mace of freezing.
The wight freezes you.
You bump into the rock wall.
The wight hits you with a +5 mace of freezing!
You feel drained. The wight freezes you.
The wight hits you with a +5 mace of freezing.
The wight freezes you. The wight closely misses you.
You're too confused to move!
The wight hits you with a +5 mace of freezing.
The wight freezes you.
You bump into the rock wall.
The wight hits you with a +5 mace of freezing.
You feel drained. The wight freezes you.
You bump into the rock wall.
You feel less confused.
The wight hits you with a +5 mace of freezing.
The wight freezes you.
* * * LOW HITPOINT WARNING * * *
The wight attacks as you move away!
The wight hits you with a +5 mace of freezing!
* * * LOW HITPOINT WARNING * * *
You feel drained.
* * * LOW HITPOINT WARNING * * *
The wight freezes you.
* * * LOW HITPOINT WARNING * * *
You see here a scorpion corpse.
The wight attacks as you move away! The wight barely misses you.
There is a stone staircase leading up here.
The wight misses you.
You climb upwards.
There is a stone staircase leading down here.
You completely miss the wight. You bite the wight.
The wight is lightly damaged.
The wight hits you with a +5 mace of freezing!
* * * LOW HITPOINT WARNING * * *
The wight freezes you.
You die...

#.#...##.##..........#........
#.....##.##..........######.)#
##.#...##.##..................#
#..#.##......####.##.########.#
#..)......#### #.##.# #.#
#.##.#....#######.##.## #.#
##.#.#............)...# #.#
##...##..###########.# #.#
##.###.....z@.# #.# #.# #.#
#.######.# #.# #.# #.# #.# #.#
#.# #.# #.# #.# #.# #.# #..
#.###.######.#####.# ###
#...............>..# #
#####.######.####### #
#..<........# # ########[##.# #


You could see a wight.

Vanquished Creatures
  Sigmund (D:5)
  Duvessa (D:5)
  An ogre (D:5)
  A scorpion (D:6)
  Dowan (D:5)
  A jelly (D:4)
  3 orc priests (D:4)
  2 hounds
  Crazy Yiuf (D:5)
  2 iguanas
  An orc wizard (D:4)
  3 gnolls (D:3)
  10 adders
  A white imp (D:5)
  2 worms
  4 dart slugs
  12 orcs (D:4)
  8 endoplasms
  A giant cockroach (D:1)
  5 goblins
  7 hobgoblins
  7 jackals
  9 kobolds
  4 quokkas
  11 ball pythons
  3 bats
  2 frilled lizards
  8 rats
112 creatures vanquished.

Notes
Turn   | Place    | Note
-------+----------+-------------------------------------------
     0 | D:5      | Reached skill level 9 in Stealth
     0 | D:5      | DocClef the Gnoll Delver began the quest for the Orb.
     0 | D:5      | Reached XP level 1. HP: 23/23 MP: 1/1
    28 | D:5      | Noticed an iguana
    41 | D:5      | Killed an iguana
    42 | D:5      | Reached XP level 2. HP: 6/29 MP: 2/2
    42 | D:5      | Reached XP level 3. HP: 7/35 MP: 3/3
   389 | D:5      | Found a runed translucent door.
   390 | D:5      | Noticed Crazy Yiuf
   448 | D:5      | Reached skill level 1 in Invocations
   495 | D:5      | Found a shimmering blue altar of Sif Muna.
   631 | D:5      | Reached skill level 1 in Long Blades
   631 | D:5      | Reached skill level 1 in Axes
   631 | D:5      | Reached skill level 1 in Maces & Flails
   631 | D:5      | Reached skill level 1 in Polearms
   631 | D:5      | Reached skill level 1 in Staves
   631 | D:5      | Reached skill level 1 in Slings
   631 | D:5      | Reached skill level 1 in Bows
   631 | D:5      | Reached skill level 1 in Crossbows
   631 | D:5      | Reached skill level 1 in Throwing
   631 | D:5      | Reached skill level 1 in Armour
   631 | D:5      | Reached skill level 1 in Shields
   631 | D:5      | Reached skill level 1 in Unarmed Combat
   631 | D:5      | Reached skill level 1 in Spellcasting
   631 | D:5      | Reached skill level 1 in Evocations
   631 | D:5      | Noticed an ogre
   907 | D:4      | Reached XP level 4. HP: 30/41 MP: 5/5
  1440 | D:4      | Reached skill level 1 in Conjurations
  1440 | D:4      | Reached skill level 1 in Hexes
  1440 | D:4      | Reached skill level 1 in Summonings
  1440 | D:4      | Reached skill level 1 in Necromancy
  1440 | D:4      | Reached skill level 1 in Translocations
  1440 | D:4      | Reached skill level 1 in Transmutations
  1440 | D:4      | Reached skill level 1 in Fire Magic
  1440 | D:4      | Reached skill level 1 in Ice Magic
  1440 | D:4      | Reached skill level 1 in Air Magic
  1440 | D:4      | Reached skill level 1 in Earth Magic
  1440 | D:4      | Reached skill level 1 in Poison Magic
  1566 | D:4      | Found a staircase to the Ecumenical Temple.
  1673 | D:4      | Reached XP level 5. HP: 47/47 MP: 6/6
  1764 | Temple   | Entered the Ecumenical Temple
  2031 | Temple   | Became a worshipper of Warmaster Okawaru
  2770 | D:3      | Reached XP level 6. HP: 47/53 MP: 8/8
  3678 | D:2      | Reached skill level 5 in Short Blades
  3678 | D:2      | Reached skill level 5 in Dodging
  3861 | D:2      | Identified the +4 leather armour "Kuxzur" {Rampage rCorr}
  4186 | D:2      | Found a shimmering blue altar of Sif Muna.
  4292 | D:2      | Identified the +8 short sword "Dyicuops" {vamp, rElec
                  | Will+}
  4886 | D:1      | Found a faded altar of an unknown god.
  5133 | D:1      | You fall into a shaft and drop 1 floor!
  5823 | D:4      | Reached XP level 7. HP: 59/59 MP: 10/10
  6012 | D:5      | Noticed Duvessa
  6013 | D:5      | Noticed Dowan
  6016 | D:5      | Killed Duvessa
  6029 | D:5      | Killed Dowan
  6159 | D:5      | Noticed Sigmund
  6163 | D:5      | Killed Sigmund
  6163 | D:5      | Reached * piety under Okawaru
  6164 | D:5      | Reached skill level 10 in Stealth
  6205 | D:5      | Reached XP level 8. HP: 67/67 MP: 12/12
  6332 | D:5      | Killed Crazy Yiuf
  6514 | D:6      | Found a hide-covered altar of Uskayaw.
  6540 | D:5      | HP: 1/63 [wight/+5 mace of freezing (11)]
  6540 | D:5      | Slain by a wight

Illustrated notes

Levels and vault maps discovered:
D:1:      wander_arrival_estate, layout_loops_ring,
          hellmonk_ecumenical_altar_heavens_door, minmay_misc_feat_columns,
          minmay_pentomino_x4
D:2:      minmay_door_path, layout_loops_ring, basic_altar,
          kennysheep_pointless_box, minmay_rat_gold_closets
D:3:      layout_loops_ring, lemuel_flame_loot_1
D:4:      layout_basic, minmay_temple_entry_butterflies
D:5:      layout_loops_ring, mainiacjoe_overflow_brackets, uniq_duvessa,
          uniq_sigmund, uniq_crazy_yiuf_cottage
D:6:      layout_loops_ring, mainiacjoe_overflow_catwalk_spiral,
          dk_noncrumbling_2
Temple:   mainiacjoe_temple_bowtie_tessellation

Skill      XL: |  1  2  3  4  5  6  7  8 |
---------------+-------------------------+-----
Stealth        | 10 | 10.1
Invocations    | 1 2 3 |  3.3
Long Blades    | 1 2 3 |  3.0
Axes           | 1 2 3 |  3.0
Maces & Flails | 1 2 3 |  3.0
Polearms       | 1 2 3 |  3.0
Staves         | 1 2 3 |  3.0
Slings         | 1 2 3 |  3.0
Bows           | 1 2 3 |  3.0
Crossbows      | 1 2 3 |  3.0
Throwing       | 1 2 3 |  3.0
Armour         | 1 2 3 |  3.0
Shields        | 1 2 3 |  3.0
Unarmed Combat | 1 2 3 |  3.0
Spellcasting   | 1 2 3 |  3.0
Evocations     | 1 2 3 |  3.0
Conjurations   | 1 2 |  2.4
Hexes          | 1 2 |  2.4
Summonings     | 1 2 |  2.4
Necromancy     | 1 2 |  2.4
Translocations | 1 2 |  2.4
Transmutations | 1 2 |  2.4
Fire Magic     | 1 2 |  2.4
Ice Magic      | 1 2 |  2.4
Air Magic      | 1 2 |  2.4
Earth Magic    | 1 2 |  2.4
Poison Magic   | 1 2 |  2.4
Short Blades   | 5 |  5.5
Dodging        | 5 |  5.5
Fighting       | 7 |  7.2

Action                   |  1- 3 |  4- 6 |  7- 9 || total
-------------------------+-------+-------+-------++-------
Melee: Short sword       |    38 |   159 |    43 ||   240
       Bite              |     1 |    15 |     5 ||    21
       Punch             |     1 |     2 |     4 ||     7
       Falchion          |       |    74 |       ||    74
  Use: Scroll            |       |     1 |       ||     1
       Potion            |       |     1 |       ||     1
 Stab: Sleeping          |     7 |    34 |     3 ||    44
Armor: Leather armour    |     6 |    59 |     6 ||    71
Dodge: Dodged            |    27 |   124 |    27 ||   178

Table legend: (Time is in decaauts)
 A = Elapsed time spent in this place.
 B = Non-inter-level travel time spent in this place.
 C = Inter-level travel time spent in this place.
 D = Time resting spent in this place.
 E = Time spent auto-exploring this place.
 F = Levels seen in this place.
 G = Mean time per level.
                   A        B        C        D        E       F      G
               +--------+--------+--------+--------+--------+-----+--------+
         Total |   6524 |   6054 |    470 |    922 |   4117 |   7 |  932.0 |
       Dungeon |   6050 |   5610 |    440 |    922 |   3689 |   6 | 1008.3 |
        Temple |    473 |    443 |     30 |      0 |    428 |   1 |  473.0 |
               +--------+--------+--------+--------+--------+-----+--------+

Top non-repeatable levels by time:
     D:4: 1786 daAuts
     D:3: 1253 daAuts
     D:5: 1177 daAuts
     D:2: 1014 daAuts
     D:1: 654 daAuts
  Temple: 473 daAuts
     D:6: 165 daAuts
